AoeStats
← timmy_turner

Arabian Desert

510014675Analyzed
1v1 RM · 4d ago on Sep 29, 2026· 41m 37s· 2 players
Game mode
Random Map
Map size
Tiny (2 player)
Population
200
Speed
Normal
Resources
Standard
Victory
Conquest
Starting age
Dark Age
Ending age
Imperial Age
RankedLock teamsTeams togetherTeam positionsShared explorationLock speedFull tech treeHidden civsTurbo modeCheats
Victory
Defeat
🇨🇴 Bohemians · Colombia
1507
+19
🇺🇸 Gurjaras · United States
1562
-19
Xxkaname13
6:31 Loom
9:24 Feudal Age
9:47 Man-at-Arms
16:05 Fletching
18:20 Double-Bit Axe
18:47 Horse Collar
20:08 Padded Archer Armor
24:06 Castle Age
25:36 Scale Mail Armor
28:17 Castle Age
28:20 Crossbowman
29:01 Bodkin Arrow
29:22 Chain Mail Armor
29:38 Pikeman
31:04 Bow Saw
34:12 Wheelbarrow
34:08 Squires
36:25 Redemption
41:27 Imperial Age
39:36 Hand Cart
42:11 Bracer
timmy_turner
4:57 Loom
9:52 Feudal Age
10:14 Man-at-Arms
16:42 Padded Archer Armor
17:18 Fletching
20:36 Castle Age
23:08 Husbandry
23:20 Bloodlines
24:18 Scale Barding Armor
34:38 Double-Bit Axe
35:37 Bow Saw
35:09 Horse Collar
37:30 Light Cavalry
39:13 Wheelbarrow
39:10 Heavy Plow
41:41 Town Watch
Connection lost

Rejoining the realm…

Still unreachable

The connection could not be restored.

Session expired

The server has moved on; the page needs a fresh start.